 Dungeon Crawl Stone Soup version 0.31-a0-940-gdaa99269f9 (webtiles) character file.

Game seed: 1656482870330646948

62 kae the Chopper (level 4, -5/39 HPs)
             Began as a Hill Orc Fighter on Oct 20, 2023.
             Slain by a gnoll
             ... wielding a +0 flail
              (9 damage)
             ... on level 2 of the Dungeon.
             The game lasted 00:00:56 (1223 turns).

kae the Chopper (Hill Orc Fighter)                  Turns: 1223, Time: 00:00:56

Health: -5/39      AC:  6    Str: 20    XL:     4   Next: 8%
Magic:  4/4        EV:  9    Int:  8    God:
Gold:   57         SH:  4    Dex: 10    Spells: 3/3 levels left

rFire   . . .        a - +0 war axe
rCold   . . .        c - +0 buckler
rNeg    . . .        b - +0 scale mail
rPois   .            (no helmet)
rElec   .            (no cloak)
rCorr   +            (no gloves)
SInv    .            (no boots)
Will    .....        (no amulet) Stlth
                     R - ring of resist corrosion
HPRegen 0.26/turn    (no ring)
MPRegen 0.09/turn

%: no passive effects
@: mighty
A: no striking features
a: no special abilities


You were on level 2 of the Dungeon.
You visited 1 branch of the dungeon, and saw 2 of its levels.

You collected 57 gold pieces.


   Skills:
 - Level 3.6 Fighting
 + Level 5.6 Axes
 - Level 3.2 Armour
 - Level 3.2 Shields


You had 3 spell levels left.
You didn't know any spells.
Your spell library was empty.

Inventory:

Hand Weapons
 a - a +0 war axe (weapon)
Missiles
 g - 15 stones
 i - 2 atropa-tipped darts
 p - 6 poisoned darts
Armour
 b - a +0 scale mail (worn)
 c - a +0 buckler (worn)
Jewellery
 R - a ring of resist corrosion (left hand)
   (You found it on level 1 of the Dungeon)
Scrolls
 e - 2 scrolls of poison {!r}
 h - 2 scrolls of fog {unknown}
 n - 2 scrolls of identify {@r1}
Potions
 d - a potion of might
 j - a potion of mutation {!q}
 k - 3 potions of curing {@q1}
 l - a potion of enlightenment
 m - a potion of brilliance
 o - a potion of haste {unknown}

Dungeon Overview and Level Annotations

Branches:
Dungeon (2/15) Zot: 10744

Altars:

Shops:
D:1 [
D:2 ( #### ##### #.#...######...# #.............########## #......###...#.†....).. #.####...#.######## ##.........# # #@###...### # #g# ##.## # #gwg#

#.# # .....#
#.###########
.w#....#
#............ ...
..#### ######...####
##
.#.##########.###.##
..............##
##.##
g.............##
##.#


You could see a worm and 3 gnolls.


Message History

The endoplasm hits you but does no damage.
You see here a ball python corpse.
You slash the endoplasm!
You kill the endoplasm!
k - 3 potions of curing {@q1} (gained 1)
A gnoll comes into view. It is wielding a +1 vampiric spear.
The gnoll shouts!
You hear a shout! x2
The gnoll moves out of view.
A hobgoblin comes into view.
The hobgoblin shouts!
The gnoll hits you with a +1 vampiric spear.
A gnoll comes into view. It is wielding a +0 flail.
The gnoll shouts!
You hit the gnoll but do no damage.
A worm comes into view.
You block the gnoll's attack.
A ball python comes into view. 😕 HP[-2]
You take 2 damage, and now have 29/31 hp.
There are monsters nearby!
You closely miss the gnoll.
The gnoll hits you with a +1 vampiric spear.
You barely miss the gnoll.
The gnoll hits you with a +1 vampiric spear. 😮 HP[-7]
You take 7 damage, and now have 22/31 hp.
MASSIVE DAMAGE!! (PAUSE)
You slash the gnoll!
An adder comes into view.
You block the gnoll's attack.
A gnoll comes into view. It is wielding a +0 halberd.
The gnoll hits you with a +1 vampiric spear. 😮 HP[-2]
You take 2 damage, and now have 20/31 hp.
You block the gnoll's attack. 😮 HP[+1] It was a potion of heal wounds.
You feel much better.
The gnoll hits you from afar with a +1 vampiric spear. 😕 HP[+9]
You regained 9 hp, and now have 30/31 hp.
You feel very mighty all of a sudden. You block the hobgoblin's attack.
The gnoll hits you from afar with a +1 vampiric spear. 😕 HP[-2]
You take 2 damage, and now have 28/31 hp.
You barely miss the hobgoblin. You block the hobgoblin's attack.
The gnoll hits you from afar with a +1 vampiric spear.
The gnoll draws strength from your wounds!
You closely miss the hobgoblin.
The hobgoblin hits you but does no damage.
The gnoll hits you but does no damage. 😕 HP[-1]
You take 1 damage, and now have 27/31 hp.
You slash the hobgoblin!
You kill the hobgoblin!
The gnoll hits you but does no damage. You block the gnoll's attack.
A gnoll comes into view. It is wielding a +0 halberd.
You see here a hobgoblin corpse.
You closely miss the gnoll.
The gnoll shouts!
The gnoll barely misses you. The gnoll hits you but does no damage.
You slash the gnoll!
You kill the gnoll!
You block the ball python's attack. The ball python barely misses you.
You have reached level 4! 😕 HP[+8] MP[+1]
You now have 39 max hp (+8).
You regained 8 hp, and now have 35/39 hp.
Your mp is fully restored (4).
You hit the ball python. The ball python barely misses you.
The ball python grabs you.
The ball python constricts you. 😕 HP[+1]
You slash the ball python!
You kill the ball python!
You hit the gnoll. The gnoll barely misses you. You block the gnoll's attack.
Unknown command.
You closely miss the gnoll.
The gnoll hits you from afar with a +0 halberd!
The gnoll barely misses you. 😮 HP[-11]
You take 11 damage, and now have 25/39 hp.
MASSIVE DAMAGE!! (PAUSE)
You slash the gnoll! You block the gnoll's attack.
The gnoll hits you with a +0 flail!
* * * LOW HITPOINT WARNING * * *
😨 HP[-7]
You take 7 damage, and now have 18/39 hp.
You barely miss the gnoll. The gnoll barely misses you.
You block the gnoll's attack. The gnoll hits you with a +0 flail!
* * * LOW HITPOINT WARNING * * *
😱 HP[-10]
You take 10 damage, and now have 8/39 hp.
MASSIVE DAMAGE!! (PAUSE)
You closely miss the gnoll. The gnoll closely misses you.
The gnoll hits you from afar with a +0 halberd.
* * * LOW HITPOINT WARNING * * *
The gnoll hits you with a +0 flail!
You die...

Skill      XL: |  1  2  3 |
---------------+----------+-----
Axes           | 4 5 |  5.6
Fighting       | |  3.6
Armour         | |  3.2
Shields        | |  3.2

Action                     |  1- 3 |  4- 6 || total
---------------------------+-------+-------++-------
  Melee: War axe           |    98 |     7 ||   105
    Use: Scroll            |     5 |       ||     5
         Potion            |     2 |       ||     2
 Armour: Scale mail        |    79 |     5 ||    84
  Dodge: Dodged            |    57 |     5 ||    62
  Block: Buckler           |    28 |     3 ||    31

Levels and vault maps discovered:
D:1:      wander_arrival_desolate, layout_basic, serial_shops, shop_statue
D:2:      layout_loops_ring, serial_shops, shop, uniq_terence,
          uniq_crazy_yiuf_cottage

Notes
Turn   | Place    | Note
-------+----------+-------------------------------------------
     0 | D:1      | kae the Hill Orc Fighter began the quest for the Orb.
     0 | D:1      | Reached XP level 1. HP: 19/19 MP: 1/1
     0 | D:1      | magus.rc [v1.11.3]
     8 | D:1      | Found Ziawuidd's Antique Armour Emporium.
    20 | D:1      | Reached skill level 3 in Axes
   184 | D:1      | Reached skill level 4 in Axes
   184 | D:1      | Reached XP level 2. HP: 26/26 MP: 2/2
   610 | D:1      | Reached XP level 3. HP: 31/31 MP: 3/3
   929 | D:2      | Reached skill level 5 in Axes
   949 | D:2      | Found Viuzer Weju's Weapon Emporium.
  1217 | D:2      | Reached XP level 4. HP: 35/39 MP: 4/4
  1222 | D:2      | HP: 8/39 [gnoll/+0 flail (10)]
  1223 | D:2      | Slain by a gnoll

Vanquished Creatures
  An adder (D:2)
  2 gnolls
  2 dart slugs (D:1)
  2 ball pythons (D:2)
  4 bats (D:1)
  3 endoplasms (D:2)
  A giant cockroach (D:1)
  A goblin (D:1)
  A hobgoblin (D:2)
  2 jackals (D:2)
  3 frilled lizards
  3 kobolds
  3 rats
28 creatures vanquished.

Table legend:
 A = Non-vault XP
 B = Vault XP
 C = Vault XP percentage of total XP
 D = Non-vault monster count
 E = Vault monster count
 F = Vault count percentage of total count
                 A         B        C        D         E       F
            +---------+---------+-------+---------+---------+-------
      Total |      89 |       0 |   0.0 |      28 |       0 |   0.0
            +---------+---------+-------+---------+---------+-------
        D:1 |      38 |       0 |   0.0 |      13 |       0 |   0.0
        D:2 |      51 |       0 |   0.0 |      15 |       0 |   0.0
            +---------+---------+-------+---------+---------+-------

Skill      XL: |  1  2  3 |
---------------+----------+-----
Axes           | 4 5 |  5.6
Fighting       | |  3.6
Armour         | |  3.2
Shields        | |  3.2

Action                     |  1- 3 |  4- 6 || total
---------------------------+-------+-------++-------
  Melee: War axe           |    98 |     7 ||   105
    Use: Scroll            |     5 |       ||     5
         Potion            |     2 |       ||     2
 Armour: Scale mail        |    79 |     5 ||    84
  Dodge: Dodged            |    57 |     5 ||    62
  Block: Buckler           |    28 |     3 ||    31

Illustrated notes

Table legend:
 A = Kills in this place as a percentage of kills in the entire game.
 B = Kills by you in this place as a percentage of kills by you in the entire game.
 C = Kills by friends in this place as a percentage of kills by friends in the entire game.
 D = Other kills in this place as a percentage of other kills in the entire game.
 E = Experience gained in this place as a percentage of experience gained in the entire game.
 F = Experience gained in this place divided by the number of levels of this place that you have seen.
                   A       B       C       D       E      F
               +-------+-------+-------+-------+-------+----------------------
         Total | 100.0 | 100.0 |   N/A |   N/A | 100.0 |  44.5
       Dungeon | 100.0 | 100.0 |   N/A |   N/A | 100.0 |  44.5
               +-------+-------+-------+-------+-------+----------------------

Table legend: (Time is in decaauts)
 A = Elapsed time spent in this place.
 B = Non-inter-level travel time spent in this place.
 C = Inter-level travel time spent in this place.
 D = Time resting spent in this place.
 E = Time spent auto-exploring this place.
 F = Levels seen in this place.
 G = Mean time per level.
                   A        B        C        D        E       F      G
               +--------+--------+--------+--------+--------+-----+--------+
         Total |   1253 |   1229 |     24 |      0 |    997 |   2 |  626.5 |
       Dungeon |   1253 |   1229 |     24 |      0 |    997 |   2 |  626.5 |
               +--------+--------+--------+--------+--------+-----+--------+

Top non-repeatable levels by time:
     D:1: 853 daAuts
     D:2: 400 daAuts
